Map: Kairos Junction LE

Players

HeroMarine - Winner!

  • Race: Terran Terran
  • League: Master
  • Spawn Location: 11:00

liquidthermy (uThermal)

  • Race: Terran Terran
  • Spawn Location: 5:00

Event: 2019 WCS Winter Europe

VOD

Have the link to the VOD?

Description

Time

  • Played on: Feb. 15, 2019, 9:47 a.m.
  • Length: 13:21

All games in this series

Show
View Real Time Build Order
Export as new Build Order

HeroMarine Terran - Winner!

Build Orders: Banshee Rush 

Get SALT Encoding   

  12  0:00  SCV  
  13  0:12  SCV  
  14  0:17  Supply Depot  
  14  0:25  SCV  
  14  0:28  Refinery  
  15  0:38  SCV  
  16  0:44  Barracks  
  16  0:50  SCV  
  16  0:55  Refinery  
  17  1:03  SCV  
  18  1:15  SCV  
  19  1:27  SCV  
  21  1:32  Reaper  
  21  1:34  Factory  
  21  1:42  Orbital Command  
  21  1:56  Supply Depot  
  21  2:04  Reaper  
  21  2:08  SCV  
  23  2:18  Hellion  
  23  2:20  SCV  
  26  2:32  SCV  
  27  2:37  Command Center  
  27  2:39  Reaper  
  27  2:44  Hellion  
  30  2:51  Starport  
  30  2:57  Supply Depot  
  30  3:00  SCV  
  31  3:12  Factory Tech Lab, Barracks Tech Lab  
  31  3:18  SCV  
  32  3:30  SCV  
  32  3:31  Cyclone  
  36  3:34  Refinery  
  36  3:38  Banshee  
  36  3:39  Cloaking Field  
  39  3:42  Barracks Reactor  
  39  3:49  SCV  
  39  3:52  Orbital Command  
  39  4:01  SCV  
  43  4:13  SCV  
  44  4:17  SCV  
  44  4:19  Siege Tank, Marine x2  
  44  4:20  Banshee  
  50  4:25  Supply Depot  
  50  4:27  SCV  
  50  4:29  SCV  
  52  4:37  Marine x2  
  54  4:47  SCV x2  
  54  4:48  Supply Depot  
  52  4:57  Marine x2  
  52  4:58  Siege Tank  
  52  4:59  SCV x2  
  59  5:03  Raven  
  61  5:11  SCV x2  
  60  5:15  Command Center  
  60  5:20  Marine x2  
  62  5:23  SCV x2  
  64  5:31  Siege Tank  
  64  5:32  Supply Depot  
  64  5:35  SCV x2  
  66  5:46  Raven  
  66  5:47  SCV, Marine  
  70  5:53  Engineering Bay x2  
  70  5:54  SCV, Refinery, Marine  
  72  5:59  SCV  
  72  6:03  Siege Tank  
  76  6:05  Barracks  
  76  6:06  SCV  
  76  6:09  Barracks  
  77  6:11  SCV  
  78  6:26  SCV x2, Marine x2  
  78  6:27  Terran Infantry Weapons Level 1, Terran Infantry Armor Level 1, Orbital Command  
  81  6:39  SCV x2  
  83  6:40  Starport Reactor  
  83  6:44  Marine x2  
  85  6:49  Siege Tank  
  85  6:51  SCV x2  
  85  6:53  SCV  
  92  6:55  Barracks Tech Lab  
  91  7:03  SCV x2  
  91  7:05  Stimpack  
  93  7:08  SCV  
  93  7:09  Marine  
  93  7:10  Marine  
  93  7:11  Marine  
  93  7:15  SCV x2  
  88  7:20  Marine  
  84  7:24  Combat Shield  
  84  7:27  SCV x2, Marine  
  84  7:28  Medivac x2  
  91  7:31  Barracks x2  
  91  7:32  Armory  
  91  7:33  Marine x2  
  91  7:35  Orbital Command  
  92  7:41  Supply Depot x2  
  92  7:42  SCV, Siege Tank  
  92  7:43  SCV  
  89  7:53  Marine x4  
  89  7:54  SCV  
  89  7:55  SCV  
  95  8:02  SCV  
  93  8:06  SCV  
  93  8:08  Medivac x2  
  93  8:10  Marine  
  93  8:11  Marine x3  
  102  8:13  SCV, Refinery  
  102  8:14  SCV, Refinery  
  102  8:18  SCV  
  106  8:20  Barracks Reactor  
  106  8:21  Sensor Tower  
  106  8:22  Barracks Reactor  
  107  8:28  Marine x2  
  107  8:30  Marine x2  
  107  8:32  Factory  
  107  8:33  Terran Infantry Weapons Level 2, Supply Depot  
  109  8:45  Terran Infantry Armor Level 2  
  109  8:46  Marine x2  
  112  8:51  Supply Depot, Terran Vehicle Weapons Level 1  
  112  8:52  Supply Depot, Marine  
  113  9:01  Factory  
  112  9:03  Marine x3  
  112  9:04  Marine x3  
  112  9:05  Siege Tank  
  121  9:10  Marine  
  121  9:12  Barracks Reactor  
  121  9:14  Viking  
  121  9:15  Viking  
  125  9:19  SCV  
  125  9:20  SCV, Marine, Supply Depot  
  125  9:21  Marine x3  
  125  9:22  Marine x2  
  125  9:23  SCV  
  132  9:27  Marine  
  135  9:38  Marine x3  
  135  9:39  Marine x2  
  135  9:40  Marine  
  138  9:45  Marine  
  138  9:51  Missile Turret, Siege Tank  
  138  9:52  Marine x2  
  141  9:56  Marine x3  
  144  10:01  Command Center  
  144  10:07  Viking x2, Missile Turret  
  148  10:14  Supply Depot  
  148  10:17  Siege Tank  
  148  10:18  Supply Depot  
  151  10:23  Siege Tank  
  151  10:26  Marine x3  
  157  10:35  Marine x6  
  163  10:43  Viking x2  
  163  10:44  Marine x2  
  163  10:49  Siege Tank  
  167  10:51  Marine  
  167  10:53  Marine  
  167  10:54  Marine x2  
  167  10:56  Marine x2  
  173  10:58  Siege Tank  
  173  11:01  Marine x2  
  173  11:02  Marine  
  156  11:09  Marine  
  156  11:10  Marine  
  145  11:11  Marine  
  145  11:12  Marine  
  145  11:14  Marine  
  145  11:15  Marine  
  141  11:19  Marine x3  
  141  11:20  Viking  
  141  11:24  Viking  
  149  11:25  Siege Tank  
  149  11:26  Marine  
  149  11:28  Marine  
  149  11:29  Marine x2  
  149  11:32  Marine  
  154  11:33  Marine  
  154  11:37  Marine x2  
  154  11:38  Siege Tank  
  157  11:42  Marine  
  157  11:44  Marine  
  157  11:46  Marine  
  155  11:47  Marine x2  
  155  11:50  Medivac  
  155  11:51  Marine x2  
  155  11:54  Medivac, Marine  
  161  11:55  Marine  
  165  12:02  Marine x2  
  165  12:06  Marine x3  
  165  12:07  Planetary Fortress, Siege Tank  
  173  12:13  Marine x2  
  175  12:17  Marine x2  
  175  12:20  Viking  
  169  12:23  SCV  
  169  12:24  SCV x2, Marine x2, Viking  
  176  12:37  SCV  
  176  12:39  Marine x2  
  176  12:40  Marine x3  
  176  12:41  Marine  
  176  12:43  Starport, Marine x2  
  184  12:50  Medivac  
  177  12:53  Marine  
Show
View Real Time Build Order
Export as new Build Order

liquidthermy Terran 

Build Orders: Gas First Reaper Expand 

Get SALT Encoding   

  12  0:02  SCV  
  13  0:14  SCV  
  13  0:18  Supply Depot  
  14  0:26  SCV  
  14  0:28  Refinery  
  15  0:40  SCV  
  16  0:44  Barracks  
  16  0:52  SCV  
  17  1:04  SCV  
  18  1:16  SCV  
  19  1:31  Reaper, Orbital Command  
  20  1:48  Command Center  
  20  1:58  SCV  
  20  2:00  Factory  
  21  2:05  Barracks Reactor  
  21  2:10  SCV  
  21  2:14  Supply Depot  
  22  2:22  SCV  
  23  2:23  Refinery  
  23  2:36  SCV  
  24  2:44  Starport  
  24  2:48  SCV  
  24  2:49  Hellion x2  
  29  2:52  Barracks Tech Lab  
  29  3:00  Orbital Command  
  29  3:02  SCV  
  29  3:11  Hellion  
  31  3:14  Hellion  
  31  3:16  SCV  
  34  3:26  SCV  
  35  3:27  Refinery  
  35  3:28  SCV  
  35  3:30  Raven  
  38  3:38  SCV  
  38  3:40  SCV  
  40  3:41  Factory Tech Lab  
  40  3:42  Marine x2  
  40  3:46  Supply Depot  
  42  3:50  SCV  
  42  3:52  SCV  
  44  3:59  Marine  
  44  4:02  SCV  
  46  4:07  SCV, Marine  
  46  4:09  Siege Tank  
  49  4:14  SCV  
  49  4:15  Supply Depot  
  50  4:19  SCV, Raven, Marine  
  54  4:32  Supply Depot  
  54  4:37  SCV x2, Marine x2  
  58  4:41  Refinery  
  58  4:42  Siege Tank  
  61  4:49  SCV  
  62  4:54  SCV, Marine  
  62  4:55  Marine  
  63  5:01  SCV  
  63  5:02  Viking  
  63  5:06  SCV  
  67  5:12  Marine  
  67  5:13  SCV, Marine  
  69  5:15  Supply Depot  
  69  5:17  Supply Depot  
  69  5:18  SCV  
  70  5:30  Command Center  
  70  5:37  SCV, Siege Tank  
  70  5:38  SCV  
  70  5:42  Viking x2  
  77  5:43  Marine  
  77  5:44  Stimpack  
  77  5:47  Supply Depot  
  77  5:49  SCV  
  79  5:55  Engineering Bay  
  79  5:56  SCV  
  80  5:57  Engineering Bay  
  80  6:01  SCV  
  81  6:05  Marine  
  81  6:09  SCV, Siege Tank  
  81  6:10  Supply Depot  
  86  6:12  Viking  
  86  6:15  Viking  
  90  6:18  SCV  
  90  6:23  Marine  
  90  6:24  Terran Infantry Weapons Level 1, Terran Infantry Armor Level 1  
  92  6:26  SCV  
  92  6:32  SCV  
  92  6:38  SCV  
  91  6:40  Marine  
  91  6:41  Siege Tank  
  91  6:42  Viking  
  93  6:49  SCV  
  93  6:50  Viking  
  96  6:57  Orbital Command  
  96  7:03  Marine  
  96  7:04  SCV  
  96  7:07  SCV  
  99  7:13  Siege Tank  
  82  7:16  SCV  
  82  7:19  SCV  
  82  7:21  Marine  
  77  7:24  Viking  
  77  7:28  SCV  
  73  7:31  SCV  
  73  7:32  Orbital Command  
  73  7:36  Barracks x2  
  74  7:37  Barracks  
  74  7:38  Barracks  
  74  7:40  SCV, Liberator  
  74  7:43  SCV  
  76  7:47  Marine  
  76  7:50  Liberator  
  70  7:52  SCV  
  70  7:53  Siege Tank  
  70  7:55  SCV  
  74  8:04  SCV  
  74  8:05  Orbital Command  
  74  8:07  SCV  
  74  8:11  Marine  
  77  8:15  Combat Shield  
  77  8:17  SCV  
  77  8:19  SCV  
  77  8:29  SCV, Refinery, Marine  
  77  8:31  SCV, Refinery, Barracks Reactor  
  77  8:32  Barracks Reactor x2  
  77  8:33  Barracks Reactor  
  80  8:35  SCV  
  80  8:41  SCV  
  82  8:43  SCV  
  82  8:45  Siege Tank  
  82  8:47  SCV  
  87  8:53  SCV  
  88  8:55  Viking  
  88  8:57  Command Center  
  88  8:58  Viking  
  88  9:01  Missile Turret x2, Marine  
  93  9:04  Supply Depot  
  93  9:09  Marine  
  93  9:10  Armory, Marine x7  
  101  9:18  Siege Tank  
  101  9:19  Marine  
  101  9:21  Sensor Tower  
  101  9:23  Supply Depot  
  105  9:24  Supply Depot  
  105  9:25  Supply Depot  
  105  9:27  Marine x2  
  105  9:28  Viking, Marine x6  
  112  9:32  Viking  
  112  9:33  Missile Turret x2  
  112  9:37  Marine  
  115  9:41  Supply Depot  
  115  9:42  Supply Depot  
  115  9:45  Marine x5  
  115  9:49  Marine  
  115  9:50  Siege Tank  
  115  9:51  Marine x2  
  123  9:54  Marine  
  123  10:01  Terran Infantry Weapons Level 2, Terran Infantry Armor Level 2  
  123  10:03  Marine x2, Terran Vehicle Weapons Level 1  
  123  10:06  Marine  
  123  10:07  Marine x3  
  126  10:09  Medivac, Marine x2  
  126  10:12  Marine  
  134  10:15  Medivac  
  134  10:21  Marine x2  
  137  10:22  Supply Depot  
  137  10:23  Siege Tank, Supply Depot  
  137  10:24  Marine x2  
  137  10:25  Marine  
  137  10:26  Marine  
  145  10:30  SCV x3  
  145  10:34  Marine x2  
  149  10:35  Marine  
  149  10:39  Medivac  
  149  10:41  Planetary Fortress  
  149  10:42  SCV x3, Marine  
  155  10:44  Missile Turret  
  155  10:46  Marine  
  155  10:49  Marine x2  
  148  10:52  Marine  
  148  10:53  Marine  
  148  10:54  SCV x2  
  148  10:55  Siege Tank  
  155  11:02  SCV  
  155  11:03  Liberator x2  
  130  11:06  SCV x2  
  130  11:08  Marine x3  
  130  11:10  Marine  
  117  11:11  Marine  
  117  11:12  Marine x4  
  117  11:14  SCV  
  116  11:18  SCV  
  121  11:26  Marine x3  
  121  11:27  Siege Tank  
  121  11:28  Marine  
  121  11:29  Marine  
  121  11:30  Marine x2  
  121  11:31  Marine  
  121  11:32  Marine  
  133  11:43  Marine  
  133  11:44  Marine x2  
  133  11:46  Marine  
  129  11:47  Marine x2  
  129  11:48  Marine x2  
  129  11:51  Marine  
  128  11:59  Siege Tank  
  131  12:01  Marine x2  
  131  12:02  Factory, Marine  
  131  12:04  Marine  
  131  12:05  Marine x3  
  131  12:06  Marine  
  139  12:08  SCV  
  139  12:09  Marine  
  139  12:14  SCV  
  140  12:19  Marine x3  
  140  12:21  Marine  
  134  12:23  Marine x3  
  134  12:27  Marine x2  
  134  12:29  Medivac x2  
  130  12:31  Siege Tank  
  133  12:37  Marine x3  
  133  12:39  Marine  
  133  12:40  Marine  
  133  12:41  Marine x2  
  140  12:45  Command Center  
  140  12:48  Marine  
  140  12:49  Marine  
  140  12:50  Factory Tech Lab  
  128  12:55  Marine x2  
  128  12:57  Marine  
Tags
 
Add a new tag
Caveats
  • Supply blocks, unpowered buildings, or Contaminate may cause inaccurate times.
  • Supply counts are checked every 10 seconds.